 Dungeon Crawl Stone Soup version 0.18-a0-902-g8738618 (webtiles) character file.

96 Jmtri7 the Charlatan (level 4, -8/35 HPs)
             Began as a Formicid Artificer on Dec 25, 2015.
             Mangled by a warg (11 damage)
             ... led by an orc knight
             ... on level 15 of the Dungeon.
             The game lasted 00:03:29 (636 turns).

Jmtri7 the Charlatan (Formicid Artificer)            Turns: 636, Time: 00:03:29

Health: -8/35      AC:  5    Str: 16    XL:     4   Next: 98%
Magic:  6/6        EV: 11    Int: 12    God:
Gold:   71         SH:  0    Dex: 11    Spells: 0 memorised, 3 levels left

rFire  . . .     SeeInvis +     a - +0 short sword
rCold  . . .     Gourm    .     g - +0 ring mail
rNeg   . . .     Faith    .     (no shield)
rPois  .         Spirit   .     (helmet unavailable)
rElec  .         Dismiss  .     (no cloak)
rCorr  .         Reflect  .     (no gloves)
SustAt .         Harm     .     (no boots)
MR     .....                    (no amulet)
Stlth  +.........               (no ring)
                                (no ring)

@: not resistant to hostile enchantments, very unstealthy
A: permanent stasis, dig shafts and tunnels, four strong arms, antennae 3
a: Dig, Shaft Self


You were on level 15 of the Dungeon.
You were near starving.

You visited 1 branch of the dungeon, and saw 8 of its levels.

You collected 71 gold pieces.

Inventory:

Hand Weapons
 a - a +0 short sword (weapon)
Armour
 g - a +0 ring mail (worn)
 l - a +0 scale mail
Wands
 c - a wand of flame (4/48)
 d - a wand of enslavement (2/24)
 e - a wand of random effects (15/48)
 j - a wand of draining (8/15)
Scrolls
 b - a scroll of amnesia {unknown}
 i - a scroll of teleportation {unknown}
Potions
 h - a potion of flight {unknown}
 k - a potion of agility {unknown}
Comestibles
 f - 2 bread rations


   Skills:
 + Level 3.2 Fighting
 - Level 1.0 Short Blades
 + Level 3.2 Armour
 - Level 1.7 Dodging
 - Level 1.2 Stealth
 - Level 3.2 Evocations


You had 3 spell levels left.
You didn't know any spells.

Dungeon Overview and Level Annotations

Branches:
Dungeon (1/15)

Altars:


Innate Abilities, Weirdness & Mutations

You are under a permanent stasis effect.
You can dig through walls and to a lower floor.
Your four strong arms can wield two-handed weapons with a shield.
You have a pair of large antennae on your head (SInv).


Message History

The large rock barely misses you.
Zapping:
d - a wand of enslavement (6/24)
Press: ? - help, Shift-Dir - straight line, f/p - cyclops
Aim: a cyclops (chance to defeat MR: 35%)
The cyclops is charmed.
This wand has 5 charges left.
You see here a large rock.
Zapping:
d - a wand of enslavement (5/24)
Press: ? - help, Shift-Dir - straight line, f - warg, p - cyclops
Aim: a warg (chance to defeat MR: 35%)
The warg easily resists.
This wand has 4 charges left.
Zapping:
d - a wand of enslavement (4/24)
Press: ? - help, Shift-Dir - straight line, f/p - warg
Aim: a warg (chance to defeat MR: 35%)
The warg easily resists.
This wand has 3 charges left.
The warg barely misses you.
Zapping:
d - a wand of enslavement (3/24)
Press: ? - help, Shift-Dir - straight line, f/p - warg
Aim: a warg (chance to defeat MR: 35%)
The warg easily resists.
This wand has 2 charges left.
The warg bites you!
You die...

#........
#.......
#......{
#.....# ##
#....o##..
#.........
#.........
#.h.......
#.@...##..
#.....#
#.....#
#.C...#
#.....#
#.....#
#.....#
#.....##..#
#.....##..####


You could see a warg, an orc warrior and a friendly cyclops.

Vanquished Creatures
  The ghost of Jmtri7 the Charlatan, an amateur FoAr (D:15)
  The ghost of Jmtri7 the Charlatan, a weakling FoAr (D:15)
  A worm (D:1)
  2 bats (D:1)
  A giant newt (D:1)
  2 kobolds (D:1)
  3 rats (D:1)
11 creatures vanquished.

Notes
Turn   | Place    | Note
--------------------------------------------------------------
     0 | D:1      | Jmtri7 the Formicid Artificer began the quest for the Orb.
     0 | D:1      | Reached XP level 1. HP: 15/15 MP: 3/3
    59 | D:1      | Reached skill level 1 in Armour
    95 | D:1      | Reached XP level 2. HP: 16/21 MP: 4/4
   174 | D:1      | You fall through a shaft!
   177 | D:2      | You fall through a shaft for 2 floors!
   180 | D:4      | You fall through a shaft for 3 floors!
   183 | D:7      | You fall through a shaft for 3 floors!
   183 | D:10     | Entered Level 10 of the Dungeon
   186 | D:10     | You fall through a shaft!
   189 | D:11     | You fall through a shaft for 3 floors!
   192 | D:14     | You fall through a shaft!
   192 | D:15     | Entered Level 15 of the Dungeon
   198 | D:15     | Noticed Jmtri7's ghost (weakling FoAr)
   239 | D:15     | Noticed Jmtri7's ghost (amateur FoAr)
   252 | D:15     | Killed Jmtri7's ghost
   284 | D:15     | Killed Jmtri7's ghost
   284 | D:15     | Reached XP level 3. HP: 3/29 MP: 5/5
   284 | D:15     | Reached XP level 4. HP: 3/35 MP: 6/6
   604 | D:15     | Noticed a cyclops
   630 | D:15     | Noticed a warg
   630 | D:15     | Noticed an orc warrior
   636 | D:15     | Mangled by a warg

Vault maps used:
D:1:      evilmike_arrival_run_for_it
D:2:      hangedman_decor_slide_cut
D:4:      minmay_temple_entry_hall, serial_glass, glass_columns_a,
          glass_columns_a
D:7:      grunt_ogre_cave
D:10:     erik_orc_4, serial_shops, nicolae_shop_trees
D:11:     lair_0_dummy, nrook_mini_backslash
D:14:     minmay_misc_feat_diagonals, serial_glass, glass_columns_a,
          glass_columns_b, nicolae_looking_at_the_future, uniq_kirke
D:15:     hangedman_depths_entry_civil_slaughter, minmay_misc_feat_nine_boxes

Action                   |  1- 3 |  4- 6 || total
-------------------------+-------+-------++-------
Melee: Short sword       |    30 |       ||    30
 Abil: Shaft Self        |     7 |       ||     7
       Dig               |       |     1 ||     1
Evoke: Wand              |    16 |     8 ||    24
